 Dungeon Crawl Stone Soup version 0.30-a0-576-g89cddaab80 (webtiles) character file.

Game seed: 14772224621458398464

141 Shayle the Conjurer (level 5, 0/28 (32) HPs)
             Began as a Tengu Reaver on Dec 30, 2022.
             Slain by Pargi (3 damage)
             ... in a sewer.
             The game lasted 00:05:20 (2212 turns).

Shayle the Conjurer (Tengu Reaver)                  Turns: 2212, Time: 00:05:21

HP:   0/28 (32)     AC:  3    Str: 11 (12) XL:     5   Next: 24%
MP:   19/19         EV: 14    Int: 13 (15) God:
Gold: 143           SH:  0    Dex: 11 (13) Spells: 8/9 levels left

rFire   . . .      SeeInvis .    a - +0 short sword
rCold   + . .      Faith    .    (no shield)
rNeg    . . .      Spirit   .    b - +0 leather armour
rPois   .          Reflect  .    (helmet restricted)
rElec   .          Harm     .    (no cloak)
rCorr   .          Rampage  .    (no gloves)
Will    .....                    (boots unavailable)
Stlth   +                        (no amulet)
HPRegen 0.24/turn                j - ring of protection from cold
MPRegen 0.16/turn                i - ring of magical power

@: mighty, lethally poisoned (0 -> -2), flying quickly and evasively, hasted,
heavily drained, very quick
A: beak, talons 3, nimble flight
a: no special abilities


You were in a sewer.
You visited 1 branch of the dungeon, and saw 4 of its levels.
You also visited: Sewer.

You collected 143 gold pieces.

Inventory:

Hand Weapons
 a - a +0 short sword (weapon)
Armour
 b - a +0 leather armour (worn)
 f - a +2 ring mail of cold resistance
Jewellery
 i - a ring of magical power (right hand)
 j - a ring of protection from cold (left hand)
Scrolls
 e - 2 scrolls of identify {unknown}
 l - a scroll of blinking
 m - a scroll of teleportation {unknown}
Potions
 d - 2 potions of brilliance


   Skills:
 + Level 2.9 Fighting
 - Level 3.2 Short Blades
 + Level 3.2 Dodging
 + Level 2.7 Spellcasting
 - Level 4.0 Conjurations
 + Level 2.0 Necromancy
 + Level 1.3 Earth Magic


You had 8 spell levels left.
You knew the following spells:

 Your Spells              Type           Power      Damage    Failure   Level
a - Kiss of Death         Conj/Necr      36%        2d8       9%          1

Your spell library contained the following spells:

 Spells                   Type           Power      Damage    Failure   Level
 Momentum Strike          Conj/Tloc      14%        3d8       21%         2
 Hailstorm                Conj/Ice       7%         3d4       38%         3
 Confusing Touch          Hex            1%         N/A       67%         3
 Dispel Undead            Necr           7%         3d8       78%         4
 Yara's Violent Unravell  Hex/Tmut       0%         3d3       100%        5
 Enfeeble                 Hex            0%         N/A       100%        7


Dungeon Overview and Level Annotations

Branches:
Dungeon (4/15)              Sewer (1/1)
 Temple: D:4-7

Altars:
Cheibriados
Xom

Annotations:
D:3 Terence
D:4 Eustachio Sewer Pargi


Innate Abilities, Weirdness & Mutations

You have a beak for a mouth.
You have claws for feet.
Your magical nature lets you fly swiftly and evasively.


Message History

Pargi claws you but does no damage. Pargi barely misses you.
You feel better. The adder bites you. Pargi bites you.
Pargi claws you but does no damage. Pargi barely misses you.
You hit Pargi. You claw Pargi. You peck Pargi.
Pargi is lightly wounded.
The adder barely misses you.
You closely miss Pargi.
Pargi is lightly wounded.
Pargi bites you. Pargi closely misses you. Pargi barely misses you.
The adder bites you.
You are poisoned.
The adder poisons you!
Okay, then.
Unknown command.
It was a potion of haste.
You feel yourself speed up.
You feel sick. The adder bites you. Pargi misses you. x2; Pargi claws you.
* * * LOW HITPOINT WARNING * * *
It was a potion of might.
You feel very mighty all of a sudden.
You feel sick. The adder barely misses you.
The frilled lizard completely misses you.
Pargi bites you but does no damage. Pargi claws you but does no damage. x2
It was a potion of degeneration.
There was something very wrong with that liquid.
You feel weakened.
You feel dopey.
You feel clumsy. The adder completely misses you.
Okay, then.
Unknown command.
Okay, then.
You puncture Pargi! Your kick misses Pargi. You peck Pargi.
Pargi is heavily wounded.
You feel sick. Pargi closely misses you. Pargi barely misses you.
Pargi claws you.
* * * LOW HITPOINT WARNING * * *
The frilled lizard misses you. The adder bites you.
* * * LOW HITPOINT WARNING * * *
You hit Pargi. Your kick misses Pargi.
Pargi is heavily wounded.
Pargi misses you. Pargi barely misses you. Pargi claws you.
You die...

≈~.~≈≈~#####~≈≈≈≈≈≈≈≈≈#
~###∩∩## #.~≈≈≈≈≈≈≈≈##
#### ##.≈≈≈≈≈≈≈≈≈#
#~~≈≈≈≈≈≈≈≈#
###.≈≈≈≈≈≈≈≈ #.†≈≈≈≈≈≈#
##..≈≈≈≈≈## ##~≈≈≈≈≈≈#
#@l≈≈≈≈≈# #TS≈≈≈≈≈#
~≈≈≈≈≈≈≈≈ #~≈≈≈≈≈≈≈#
.≈≈≈≈≈≈≈≈# #~≈≈≈≈≈≈≈##
.≈≈≈≈≈≈≈≈≈#
#~≈≈≈≈≈≈≈≈≈#


You could see Pargi, an adder and a frilled lizard.

Vanquished Creatures
  A necrophage (D:4)
  2 adders
  3 gnolls (D:3)
  A worm (D:3)
  2 dart slugs
  3 orcs
  A ball python (D:1)
  A giant cockroach (D:1)
  2 goblins
  2 hobgoblins
  2 kobolds (D:2)
  2 quokkas (D:1)
  2 bats
  2 frilled lizards (Sewer)
  2 rats
28 creatures vanquished.

Notes
Turn   | Place    | Note
-------+----------+-------------------------------------------
     0 | D:1      | Shayle the Tengu Reaver began the quest for the Orb.
     0 | D:1      | Reached XP level 1. HP: 12/12 MP: 4/4
   213 | D:1      | Reached XP level 2. HP: 17/17 MP: 6/6
  1024 | D:2      | Found a faded altar of an unknown god.
  1034 | D:2      | Reached skill level 1 in Necromancy
  1034 | D:2      | Reached XP level 3. HP: 16/21 MP: 7/7
  1604 | D:3      | Found a shimmering altar of Xom.
  1609 | D:3      | Found a snail-covered altar of Cheibriados.
  1632 | D:3      | Reached XP level 4. HP: 3/18 MP: 8/8
  1755 | D:2      | Reached skill level 1 in Earth Magic
  1777 | D:3      | Identified the +0 helmet of the Elven Halls {rElec rC+
                  | Will+ Dex-2}
  1965 | D:3      | Noticed Terence
  2010 | D:4      | Noticed a necrophage
  2020 | D:4      | Killed a necrophage
  2021 | D:4      | Gained mutation: Your magical nature lets you fly swiftly
                  | and evasively. [Tengu growth]
  2021 | D:4      | Reached XP level 5. HP: 14/28 MP: 10/10
  2065 | D:4      | Found a glowing drain.
  2070 | D:4      | Noticed Eustachio
  2101 | Sewer    | Entered a sewer
  2197 | Sewer    | Noticed Pargi
  2212 | Sewer    | Slain by Pargi

Illustrated notes

Levels and vault maps discovered:
D:1:      wheals_arrival_linesprint, layout_basic, minmay_close_crescents
D:2:      layout_basic, hellmonk_ecumenical_altar_blasted,
          nicolae_elevator_lobby_plus
D:3:      layout_loops_cross, grunt_gozag_statues,
          nicolae_overflow_hidden_temple, minmay_misc_feat_enclosed,
          uniq_terence
D:4:      layout_rooms, gup_sewer_entry_glass, nicolae_kite_square_tiling_tiny,
          minmay_mini_ossuary, uniq_eustachio
Sewer:    sewer_co_pargi_island

Skill      XL: |  1  2  3  4 |
---------------+-------------+-----
Necromancy     | 1 2 |  2.0
Earth Magic    | 1 |  1.3
Dodging        | 3 |  3.2
Fighting       | |  2.9
Short Blades   | |  3.2
Spellcasting   | |  2.7
Conjurations   | |  4.0

Action                   |  1- 3 |  4- 6 || total
-------------------------+-------+-------++-------
Melee: Short sword       |    56 |    77 ||   133
       Kick              |    13 |    16 ||    29
       Peck              |     6 |    16 ||    22
 Cast: Kiss of Death     |     3 |       ||     3
  Use: Potion            |     3 |     7 ||    10
       Scroll            |       |     1 ||     1
Armor: Leather armour    |     9 |    30 ||    39
Dodge: Dodged            |    36 |    74 ||   110

Table legend: (Time is in decaauts)
 A = Elapsed time spent in this place.
 B = Non-inter-level travel time spent in this place.
 C = Inter-level travel time spent in this place.
 D = Time resting spent in this place.
 E = Time spent auto-exploring this place.
 F = Levels seen in this place.
 G = Mean time per level.
                   A        B        C        D        E       F      G
               +--------+--------+--------+--------+--------+-----+--------+
         Total |   2183 |   2066 |    117 |    246 |   1362 |   5 |  436.6 |
       Dungeon |   2077 |   1960 |    117 |    171 |   1362 |   4 |  519.2 |
         Sewer |    106 |    106 |      0 |     75 |      0 |   1 |  106.0 |
               +--------+--------+--------+--------+--------+-----+--------+

Top non-repeatable levels by time:
     D:1: 876 daAuts
     D:2: 782 daAuts
     D:3: 323 daAuts
   Sewer: 106 daAuts
     D:4: 94 daAuts
